 Dungeon Crawl Stone Soup version 0.29-a0-322-g68df515428 (webtiles) character file.

Game seed: 8509451782728365222

4 calli0pe the Skirmisher (level 1, 0/18 HPs)
             Began as a Human Berserker on Apr 7, 2022.
             Was a Follower of Trog.
             Slain by a goblin
             ... wielding a +0 club
              (3 damage)
             ... on level 1 of the Dungeon.
             The game lasted 00:00:54 (162 turns).

calli0pe the Skirmisher (Human Berserker)            Turns: 162, Time: 00:00:54

Health: 0/18       AC:  6    Str: 17    XL:     1   Next: 66%
Magic:  1/1        EV: 11    Int:  7    God:    Trog [*.....]
Gold:   0          SH:  0    Dex: 12    Spells: 0/0 levels left

rFire   . . .      SeeInvis .   a - +0 falchion
rCold   . . .      Faith    .   (no shield)
rNeg    . . .      Spirit   .   h - +0 ring mail
rPois   .          Reflect  .   (no helmet)
rElec   .          Harm     .   (no cloak)
rCorr   .          Rampage  .   (no gloves)
Will    .....                   g - +0 pair of boots
Stlth   +.........              (no amulet)
HPRegen 0.06/turn               (no ring)
MPRegen 0.07/turn               (no ring)

@: no status effects
A: no striking features
a: Renounce Religion, Berserk


You were on level 1 of the Dungeon.
You worshipped Trog.
Trog was aware of your devotion.
You visited 1 branch of the dungeon, and saw 1 of its levels.

Inventory:

Hand Weapons
 a - a +0 falchion (weapon)
 d - a +0 short sword
 e - a +0 short sword
Missiles
 f - 4 stones (quivered)
Armour
 b - a +0 animal skin
 g - a +0 pair of boots (worn)
 h - a +0 ring mail (worn)
Scrolls
 c - a scroll of identify {unknown}


   Skills:
 + Level 3.1 Fighting
 + Level 3.0 Long Blades
 + Level 2.0 Armour
 + Level 2.1 Dodging


You couldn't memorise any spells.
You didn't know any spells.
Your spell library was empty.

Dungeon Overview and Level Annotations

Branches:
Dungeon (1/15)

Altars:


Message History

There are no items here.
You see here a +0 ring mail.
h - a +0 ring mail You start putting on your armour.
You continue putting on your +0 pair of boots. x4
You finish putting on your +0 pair of boots.
You start removing your armour.
You continue taking off your +0 animal skin. x4
You finish taking off your +0 animal skin.
You start putting on your armour.
You continue putting on your +0 ring mail. x5
You finish putting on your +0 ring mail.
A kobold comes into view. It is wielding a +0 club.
The kobold throws a stone.
The stone closely misses you.
Found a smoky puce potion.
You hit the kobold but do no damage. The kobold hits you with a +0 club.
You barely miss the kobold. The kobold misses you.
You hit the kobold but do no damage. The kobold closely misses you.
The kobold hits you with a +0 club.
You closely miss the kobold. The kobold hits you but does no damage.
You barely miss the kobold. The kobold hits you but does no damage.
You barely miss the kobold. The kobold hits you with a +0 club.
* * * LOW HITPOINT WARNING * * *
You slash the kobold!
You kill the kobold!
Trog accepts your kill.
A ball python and a goblin come into view.
Found a metallic dark potion and 13 stones.
The ball python hisses angrily.
Things that are here:
a +0 club; 2 stones The goblin closely misses you.
Things that are here:
a +0 club; 2 stones
Okay, then.
The goblin attacks as you move away! The goblin hits you but does no damage.
The goblin attacks as you move away! The goblin barely misses you.
The goblin attacks as you move away! The goblin hits you but does no damage.
The goblin attacks as you move away! The goblin hits you with a +0 club.
You die...

##### ...# ###
#.#####.##
###........#######
.................#
.#.#.#.##......#.#
.#.#.#.#######.#.#
.#.#.#.# #.#@#
.#.#.#.#######.#g#
.#.#.#.........#S#
.......#######.#.#
.#†..### #.#.#
†....# #.#)#######
###..# #.........#
........
#.#.#...##!
####..###
#.#.....#


You could see a goblin and a ball python.

Vanquished Creatures
  A ball python (D:1)
  A bat (D:1)
  3 kobolds (D:1)
5 creatures vanquished.

Notes
Turn   | Place    | Note
-------+----------+-------------------------------------------
     0 | D:1      | calli0pe the Human Berserker began the quest for the Orb.
     0 | D:1      | Reached XP level 1. HP: 18/18 MP: 1/1
   162 | D:1      | Slain by a goblin

Illustrated notes

Levels and vault maps discovered:
D:1:      ebering_trefoil_twist, layout_loops_ring, serial_shops,
          nicolae_shop_bloodbath_and_beyond, st_stairs_13, minmay_misc_feat_rows

Action                   || total
-------------------------++-------
Melee: Falchion          ||    18
       Punch             ||     1
Armor: Animal skin       ||    12
       Ring mail         ||     4
Dodge: Dodged            ||    31

Table legend: (Time is in decaauts)
 A = Elapsed time spent in this place.
 B = Non-inter-level travel time spent in this place.
 C = Inter-level travel time spent in this place.
 D = Time resting spent in this place.
 E = Time spent auto-exploring this place.
 F = Levels seen in this place.
 G = Mean time per level.
                   A        B        C        D        E       F      G
               +--------+--------+--------+--------+--------+-----+--------+
         Total |    164 |    164 |      0 |      0 |      0 |   1 |  164.0 |
       Dungeon |    164 |    164 |      0 |      0 |      0 |   1 |  164.0 |
               +--------+--------+--------+--------+--------+-----+--------+

Top non-repeatable levels by time:
     D:1: 164 daAuts
